 Dungeon Crawl Stone Soup version 0.20.1-1-g8b1a95d (webtiles) character file.

21 HouseofHex the Grasshopper (level 2, 0/14 HPs)
             Began as a Spriggan Warper on Nov 10, 2017.
             Slain by a giant cockroach (1 damage)
             ... on level 1 of the Dungeon.
             The game lasted 00:03:54 (636 turns).

HouseofHex the Grasshopper (Spriggan Warper)         Turns: 636, Time: 00:03:54

Health: 0/14       AC:  2    Str:  7    XL:     2   Next: 62%
Magic:  7/7        EV: 19    Int: 14    God:
Gold:   60         SH:  0    Dex: 15    Spells: 7/7 levels left

rFire    . . .     SeeInvis +   a - +0 short sword
rCold    . . .     Gourm    .   (shield restricted)
rNeg     . . .     Faith    .   b - +0 robe
rPois    .         Spirit   .   (helmet restricted)
rElec    .         Reflect  .   (no cloak)
rCorr    .         Harm     .   (gloves unavailable)
MR       .....                  (boots unavailable)
Stlth    ++........             (no amulet)
Regen    0.1/turn               (no ring)
MPRegen  0.1/turn               (no ring)

@: very quick
A: unfitting armour, see invisible, herbivore 3, speed 3, slow metabolism 2
a: no special abilities


You were on level 1 of the Dungeon.
You were not hungry.

You visited 1 branch of the dungeon, and saw 1 of its levels.

You collected 60 gold pieces.

Inventory:

Hand Weapons
 a - a +0 short sword (weapon)
Missiles
 e - 5 tomahawks of dispersal (quivered)
 h - 17 bolts
Armour
 b - a +0 robe (worn)
Scrolls
 d - a scroll of blinking
Potions
 g - a potion of curing {unknown}
 i - a potion of brilliance {unknown}
Books
 c - a book of Spatial Translocations

   Spells                             Type                      Level
   a - Blink                          Translocation                2
   b - Shroud of Golubria             Charms/Translocation         2
   c - Lesser Beckoning               Translocation                3
   d - Gell's Gravitas                Translocation                3
   e - Teleport Other                 Translocation                3
   f - Passage of Golubria            Translocation                4
Comestibles
 f - a bread ration


   Skills:
 - Level 1.5 Fighting
 - Level 2.1 Short Blades
 - Level 1.1 Throwing
 + Level 4.1 Dodging
 * Level 1.4 Stealth
 + Level 3.3 Spellcasting
   Level 4.4 Translocations


You had 7 spell levels left.
You didn't know any spells.

Dungeon Overview and Level Annotations

Branches:
Dungeon (1/15)

Altars:


Innate Abilities, Weirdness & Mutations

You are very small and have problems with some larger weapons.
You are too small for most types of armour.
You have supernaturally acute eyesight. (SInv)
You are a herbivore.
You cover ground extremely quickly.
You need consume almost no food.


Message History

The hobgoblin barely misses you.
You closely miss the hobgoblin.
The hobgoblin is heavily wounded.
The hobgoblin barely misses you.
You see here a leopard gecko skeleton.
The goblin completely misses you.
You hit the goblin but do no damage. The hobgoblin barely misses you.
The goblin misses you.
You hit the goblin.
The goblin is heavily wounded.
The hobgoblin hits you.
* * * LOW HITPOINT WARNING * * *
The giant cockroach bites the plant but does no damage.
The goblin barely misses you.
You hit the goblin.
You kill the goblin!
The giant cockroach bites the plant but does no damage.
The hobgoblin completely misses you. The giant cockroach bites you.
You die...

.......###.#
..........⌠.........
########...#
#...................
#.##############.#########
#.#..)...g.gs).....#..>#
#.#.#.############.#.#.#
#.#.#.#### #.........#...
#.###....###.#####.#####g.
#.....##..s### #.# .#
########P@PgP#####.##### .
##P...#.....g...#
#.PP.###.#####g# #PP.P#
#[# #.## #..P## #.+ +g.#
###.# #.# #..# ###
#g#####..## #..g.......
#........##


You could see a giant cockroach and a hobgoblin.

Vanquished Creatures
  A gnoll (D:1)
  A leopard gecko (D:1)
  A goblin (D:1)
  2 hobgoblins (D:1)
  2 bats (D:1)
  4 frilled lizards (D:1)
  A rat (D:1)
12 creatures vanquished.

Notes
Turn   | Place    | Note
-------+----------+-------------------------------------------
     0 | D:1      | HouseofHex the Spriggan Warper began the quest for the Orb.
     0 | D:1      | Reached XP level 1. HP: 10/10 MP: 5/5
   181 | D:1      | Reached XP level 2. HP: 10/14 MP: 7/7
   603 | D:1      | Reached skill level 1 in Stealth
   636 | D:1      | Slain by a giant cockroach

Skill      XL: |  1  2 |
---------------+-------+-----
Spellcasting   | 3 |  3.3
Dodging        | 4 |  4.1
Stealth        | 1 |  1.4
Fighting       | |  1.5
Short Blades   | |  2.1
Throwing       | |  1.1
Translocations | |  4.4

Action                   || total
-------------------------++-------
Melee: Short sword       ||    67
Armor: Robe              ||     7
Dodge: Dodged            ||    67
